Map: Shrines of Lizul

Players

SpaceMarine

  • Race: Protoss Protoss
  • League: Master
  • Spawn Location: 9:00

NiicDK

  • Race: Terran Terran
  • League: Master
  • Spawn Location: 6:00

PureLegacy - Winner!

  • Race: Terran Terran
  • Spawn Location: 12:00

LOADBLASTER - Winner!

  • Race: Terran Terran
  • League: Master
  • Spawn Location: 3:00

VOD

Have the link to the VOD?

Description

Time

  • Played on: Nov. 26, 2018, 9:28 a.m.
  • Length: 10:12
Show
View Real Time Build Order
Export as new Build Order

SpaceMarine Protoss 

Build Orders:  

Get SALT Encoding   

  12  0:01  Probe  
  13  0:13  Probe  
  14  0:18  Pylon  
  14  0:24  Probe  
  15  0:33  Probe  
  15  0:39  Gateway  
  15  0:41  Probe  
  17  0:53  Probe  
  18  1:02  Assimilator  
  18  1:03  Assimilator  
  18  1:06  Probe  
  18  1:10  Pylon  
  19  1:20  Probe  
  20  1:26  Cybernetics Core  
  20  1:32  Probe  
  21  1:44  Probe  
  22  1:47  Gateway  
  22  1:51  Pylon  
  22  1:55  Adept  
  23  2:08  Warp Gate  
  24  2:17  Robotics Facility  
  24  2:23  Adept  
  25  2:38  Adept  
  25  2:40  Probe  
  28  2:54  Immortal  
  28  2:57  Probe  
  33  3:28  Warp Prism  
  31  3:54  Immortal  
  31  4:06  Gateway  
  31  4:08  Pylon  
  35  4:10  Stalker x2  
  27  4:27  Warp Prism  
  27  4:38  Sentry x2  
  33  4:46  Pylon  
  33  4:56  Immortal  
  37  5:12  Stalker x3  
  43  5:31  Twilight Council  
  43  5:38  Adept  
  43  5:41  Adept x2  
  43  6:19  Immortal  
  43  6:27  Stalker x3  
  53  6:41  Dark Shrine  
  51  7:20  Probe  
  50  7:23  Warp Prism  
  50  7:32  Probe  
  50  7:33  Nexus  
  50  7:36  Pylon  
  49  7:45  Probe  
  50  7:54  Dark Templar x3  
  50  7:57  Probe  
  57  8:09  Probe  
  51  8:28  Adept x2  
  55  8:37  Adept  
  53  9:00  Probe x2  
  45  9:08  Probe x2  
  49  9:17  Zealot x2  
  49  9:18  Probe x2, Zealot  
Show
View Real Time Build Order
Export as new Build Order

NiicDK Terran 

Build Orders: Reaper Expand 

Get SALT Encoding   

  12  0:01  SCV  
  13  0:13  SCV  
  14  0:18  Supply Depot  
  14  0:25  SCV  
  15  0:39  SCV  
  15  0:42  Barracks  
  16  0:47  Refinery  
  16  0:52  SCV  
  17  1:04  SCV  
  18  1:16  SCV  
  19  1:29  Reaper, Orbital Command  
  20  1:43  Command Center  
  20  1:51  Supply Depot  
  20  1:55  SCV  
  21  2:06  Factory  
  21  2:10  SCV  
  22  2:16  Refinery  
  22  2:22  SCV  
  23  2:28  Barracks Reactor  
  23  2:35  SCV  
  23  2:36  Bunker  
  23  2:55  Hellion  
  23  3:04  Marine x2  
  25  3:06  SCV  
  25  3:08  Orbital Command  
  26  3:17  Factory Tech Lab  
  25  3:27  Marine x2  
  25  3:36  Siege Tank  
  28  3:47  Marine x2  
  30  3:50  Supply Depot  
  30  4:05  Marine x2, SCV  
  30  4:06  SCV  
  30  4:08  Siege Tank  
  37  4:18  SCV x2  
  37  4:23  Marine x2  
  41  4:30  SCV  
  39  4:38  Orbital Command  
  39  4:41  Barracks, Supply Depot  
  39  4:42  Marine  
  39  4:43  Barracks  
  40  4:50  SCV  
  41  4:53  Siege Tank  
  44  5:05  SCV x2  
  46  5:15  Marine x2  
  46  5:17  SCV x2  
  50  5:29  SCV  
  50  5:30  Barracks Reactor, SCV, Barracks Tech Lab  
  50  5:40  Barracks Reactor  
  50  5:41  SCV  
  50  5:43  SCV  
  50  5:45  Marine x2  
  53  5:51  Stimpack  
  53  5:53  SCV  
  53  5:55  SCV  
  53  5:56  Starport  
  55  5:58  Marine  
  55  6:03  Marine  
  54  6:06  SCV  
  54  6:07  SCV  
  54  6:08  Marine  
  57  6:15  Marine  
  57  6:18  SCV  
  59  6:19  Marine x2, SCV  
  59  6:25  Supply Depot  
  62  6:33  Supply Depot  
  62  6:41  Refinery  
  62  6:46  Medivac, Marine x2, SCV  
  62  6:47  Siege Tank  
  70  6:48  Supply Depot  
  70  6:55  Marine x3, SCV  
  70  6:59  SCV  
  75  7:01  Engineering Bay  
  75  7:04  Marine  
  75  7:07  SCV  
  77  7:11  SCV  
  77  7:14  Marine x2  
  77  7:15  Marine  
  81  7:16  Refinery  
  81  7:19  SCV  
  82  7:23  SCV  
  83  7:30  Marine x2  
  83  7:31  Terran Infantry Weapons Level 1, SCV  
  83  7:33  Starport Reactor  
  83  7:34  Engineering Bay  
  86  7:52  Supply Depot x2  
  86  7:53  Combat Shield  
  86  7:54  Marine  
  86  7:55  SCV x2, Siege Tank  
  92  8:02  Marine x2  
  92  8:03  Terran Infantry Armor Level 1  
  94  8:13  Marine x2, SCV  
  94  8:16  Marine  
  98  8:28  SCV x2  
  98  8:32  Marine x3  
  103  8:36  Command Center  
  103  8:42  SCV x2  
  103  8:43  Sensor Tower  
  105  8:50  Marine x2  
  105  8:55  Medivac  
  109  9:00  Sensor Tower, SCV  
  110  9:10  Barracks  
  110  9:12  Barracks  
  110  9:32  Marine  
  110  9:33  Medivac, Marine x3, SCV  
  110  9:36  Marine  
  81  9:50  Marine  
  81  9:51  Marine x3  
  85  9:54  Marine  
Show
View Real Time Build Order
Export as new Build Order

PureLegacy Terran - Winner!

Build Orders:  

Get SALT Encoding   

  12  0:01  SCV  
  13  0:13  SCV  
  14  0:18  Supply Depot  
  14  0:25  SCV  
  15  0:29  Refinery  
  15  0:40  SCV  
  16  0:46  Barracks  
  16  0:52  SCV  
  17  1:05  Barracks  
  17  1:24  Barracks  
  17  1:28  SCV  
  18  1:41  Reaper  
  18  1:45  Orbital Command  
  19  1:52  Reaper  
  20  2:01  Refinery  
  20  2:12  Supply Depot, Reaper  
  20  2:15  Reaper  
  22  2:18  SCV  
  23  2:34  Reaper, SCV  
  25  2:47  Reaper  
  26  2:59  Reaper  
  26  3:04  Supply Depot  
  26  3:05  SCV  
  28  3:08  Reaper  
  29  3:17  SCV  
  30  3:21  Reaper  
  31  3:27  Command Center  
  31  3:31  Reaper  
  31  3:48  Reaper  
  31  3:51  SCV  
  31  3:52  Barracks  
  31  3:54  Barracks, Reaper  
  33  4:03  SCV  
  34  4:13  Reaper  
  34  4:15  SCV  
  36  4:23  Reaper  
  35  4:26  Reaper  
  34  4:35  SCV  
  34  4:37  Engineering Bay  
  35  4:39  Orbital Command  
  35  4:42  Reaper x2  
  37  4:45  Reaper  
  37  4:47  SCV  
  38  4:55  Reaper  
  38  4:59  SCV  
  40  5:00  Refinery, Reaper  
  40  5:02  Refinery  
  40  5:03  Terran Infantry Weapons Level 1  
  40  5:06  SCV  
  42  5:15  SCV  
  42  5:18  SCV  
  42  5:19  Reaper  
  45  5:22  Reaper  
  45  5:27  SCV  
  45  5:28  Supply Depot, Reaper  
  48  5:30  SCV  
  48  5:40  Barracks Tech Lab  
  48  5:42  SCV x2  
  49  5:45  Factory  
  49  5:54  SCV x2  
  42  6:09  SCV  
  38  6:17  Marine x5  
  38  6:18  Stimpack  
  39  6:19  SCV  
  40  6:30  Factory Reactor, Starport  
  40  6:31  SCV x2  
  42  6:34  Marine  
  42  6:36  Marine  
  42  6:37  Marine x3  
  44  6:43  SCV  
  44  6:45  SCV  
  46  6:47  Supply Depot  
  46  6:52  Marine  
  47  6:54  Marine x2  
  47  6:55  Marine x2, SCV  
  47  6:57  SCV  
  47  6:58  Terran Infantry Armor Level 1  
  53  7:09  SCV  
  53  7:10  SCV  
  53  7:13  Medivac x2, Supply Depot, Factory Tech Lab  
  59  7:19  Marine x5  
  64  7:32  Siege Tank  
  64  7:35  Supply Depot, SCV x2  
  64  7:36  Supply Depot  
  69  7:41  Marine  
  73  7:48  Marine  
  72  7:51  Barracks Reactor  
  72  7:52  Barracks Reactor x2  
  72  7:53  Medivac x2  
  75  7:59  Supply Depot  
  75  8:05  Barracks Reactor  
  75  8:06  Missile Turret  
  75  8:08  Missile Turret  
  75  8:14  Marine  
  75  8:15  Siege Tank  
  75  8:19  Combat Shield  
  79  8:29  Marine x4  
  79  8:30  Marine x2  
  79  8:31  Marine  
  86  8:49  Siege Tank, Command Center  
  83  9:04  Armory, Engineering Bay  
  83  9:05  SCV x2  
  83  9:08  Medivac  
  83  9:09  Medivac  
  90  9:17  SCV x2  
  90  9:21  Marine, Siege Tank  
  90  9:22  Marine x4  
  99  9:29  SCV x2  
  101  9:40  Marine  
  102  9:49  Supply Depot x2  
  102  9:50  Supply Depot  
Show
View Real Time Build Order
Export as new Build Order

LOADBLASTER Terran - Winner!

Build Orders: Cyclone Opening, Mech 

Get SALT Encoding   

  12  0:01  SCV  
  13  0:13  SCV  
  14  0:18  Supply Depot  
  14  0:25  SCV  
  15  0:30  Refinery  
  15  0:40  SCV  
  16  0:46  Barracks  
  16  0:52  SCV  
  17  0:57  Refinery  
  17  1:04  SCV  
  18  1:16  SCV  
  19  1:33  Reaper, Orbital Command  
  20  1:40  Factory  
  20  1:46  Supply Depot  
  20  1:59  SCV  
  21  2:05  Barracks Tech Lab  
  21  2:12  SCV  
  22  2:24  SCV  
  23  2:30  Cyclone  
  23  2:32  Mag-Field Accelerator  
  26  2:45  Command Center  
  26  2:46  SCV  
  27  2:52  Supply Depot  
  27  3:02  Cyclone, SCV  
  31  3:14  SCV  
  32  3:21  Barracks Tech Lab  
  32  3:22  Factory  
  32  3:27  SCV  
  33  3:38  Cyclone  
  33  3:39  SCV  
  37  3:49  Refinery  
  37  3:51  SCV  
  38  3:59  Orbital Command  
  38  4:03  SCV  
  39  4:10  Cyclone  
  39  4:15  SCV  
  39  4:16  Cyclone  
  39  4:27  SCV  
  39  4:29  SCV  
  41  4:32  Supply Depot  
  41  4:39  SCV  
  41  4:42  SCV  
  46  4:50  Barracks Reactor  
  46  4:51  SCV  
  46  4:52  Starport  
  47  4:54  SCV  
  47  4:59  Siege Tank  
  48  5:03  SCV, Siege Tank  
  48  5:04  Refinery  
  48  5:06  SCV  
  53  5:15  Supply Depot, SCV  
  53  5:18  SCV  
  55  5:28  SCV  
  56  5:30  SCV  
  56  5:31  Factory  
  56  5:33  Barracks Reactor  
  57  5:37  Viking x2  
  57  5:40  SCV  
  57  5:42  SCV  
  63  5:50  Siege Tank  
  63  5:51  Supply Depot  
  63  5:52  SCV  
  63  5:54  SCV  
  69  6:04  SCV  
  69  6:05  Command Center  
  69  6:06  SCV  
  69  6:07  Supply Depot  
  70  6:12  Cyclone, Supply Depot, Viking  
  70  6:16  SCV  
  76  6:18  Supply Depot, SCV  
  77  6:29  Hellion x2, Siege Tank  
  77  6:32  Engineering Bay  
  84  6:39  Viking  
  86  6:43  Viking  
  86  6:45  Siege Tank  
  91  6:48  SCV x2  
  93  6:58  Hellion  
  93  7:00  SCV x2  
  97  7:04  Command Center  
  96  7:18  Siege Tank  
  96  7:20  Viking  
  96  7:22  SCV  
  94  7:24  SCV  
  93  7:34  SCV  
  94  7:46  Supply Depot  
  94  7:49  Supply Depot  
  94  8:07  Viking x2  
  94  8:08  Siege Tank  
  94  8:10  Hellion x2, Siege Tank  
  108  8:14  Missile Turret  
  108  8:15  Missile Turret  
  108  8:17  Supply Depot  
  108  8:18  Sensor Tower  
  108  8:30  SCV  
  108  8:32  Hellion  
  108  8:33  SCV  
  109  8:39  Refinery  
  109  8:40  Missile Turret, Siege Tank  
  109  8:41  Refinery  
  102  8:42  Cyclone, SCV  
  102  8:45  SCV  
  98  8:49  SCV  
  98  8:54  SCV  
  100  9:00  SCV  
  98  9:04  Orbital Command  
  97  9:12  SCV, Siege Tank  
  97  9:14  Siege Tank  
  104  9:21  Armory  
  104  9:24  SCV  
  105  9:26  Hellion, SCV  
  108  9:31  Viking  
  108  9:34  Hellion  
  108  9:36  SCV  
  108  9:37  Orbital Command  
  84  9:47  Hellion  
  86  10:02  Armory  
Tags
 
Add a new tag
Caveats
  • Supply blocks, unpowered buildings, or Contaminate may cause inaccurate times.
  • Supply counts are checked every 10 seconds.